 Dungeon Crawl Stone Soup version 0.17-a0-1468-gbf503c2 (webtiles) character file.

583 pulse the Skirmisher (level 7, 0/85 HPs)
             Began as a Formicid Berserker on July 1, 2015.
             Was a Priest of Trog.
             Slain by a wight
             ... wielding a +2 short sword of freezing
              (1 damage)
             ... on level 5 of the Dungeon.
             The game lasted 00:07:32 (4735 turns).

pulse the Skirmisher (Formicid Berserker)           Turns: 4735, Time: 00:07:32

Health: 0/85       AC: 23    Str: 24    XL:     7   Next: 64%
Magic:  7/7        EV:  2    Int:  6    God:    Trog [***...]
Gold:   192        SH:  0    Dex: 10    Spells: 0 memorised, 6 levels left

rFire  . . .     SeeInvis .     s - +1 mace (venom)
rCold  . . .     Clarity  .     (armour currently unavailable)
rNeg   + + +     SustAt   .     (no shield)
rPois  +         Gourm    .     (helmet unavailable)
rElec  .         Spirit   .     (cloak currently unavailable)
rCorr  .         Warding  .     (gloves currently unavailable)
rMut   .         Stasis   +     (boots currently unavailable)
MR     ++...                    d - amulet of inaccuracy (curse)
Stlth  +.........               (no ring)
                                (no ring)

@: tree-form, regenerating, drained, very resistant to hostile enchantments,
very unstealthy
A: permanent stasis, dig shafts and tunnels, four strong arms, (antennae 0),
(yellow scales 0)
a: Burn Spellbooks, Trog's Hand, Renounce Religion


You were on level 5 of the Dungeon.
You worshipped Trog.
Trog was most pleased with you.
You were very hungry.
You were a tree.
You visited 1 branch of the dungeon, and saw 5 of its levels.

You collected 192 gold pieces.

Inventory:

Hand weapons
 a - a +0 hand axe
 s - a +1 mace of venom (weapon)
Armour
 k - a +0 ring mail
 p - a +1 plate armour (melded)
Jewellery
 d - a cursed amulet of inaccuracy (around neck)
Magical devices
 o - a wand of magic darts (35)
Scrolls
 e - a scroll of identify
Potions
 b - a potion of brilliance
 f - a potion of magic
Comestibles
 c - 3 bread rations
 h - 2 fruits
 n - 2 beef jerkies


   Skills:
 + Level 5.7(5.6) Fighting
 * Level 5.4(5.2) Axes
 + Level 5.2(5.0) Armour
 - Level 1.7(1.6) Dodging


You had 6 spell levels left.
You didn't know any spells.

Dungeon Overview and Level Annotations

Branches:
Dungeon (5/15)
 Temple: D:4-7

Altars:
Sif Muna
Yredelemnul
The Shining One


Innate Abilities, Weirdness & Mutations

You are under a permanent stasis effect.
You can dig through walls and to a lower floor.
Your four strong arms can wield two-handed weapons with a shield.
((You have a pair of large antennae on your head (SInv).))
((You are partially covered in yellow scales (AC +2).))


Message History

Okay, then.
You barely miss the wight.
The wight is lightly damaged.
The wight hits you but does no damage. x2
You miss the wight.
The wight is lightly damaged.
The wight hits you but does no damage. x2
You closely miss the wight.
The wight is lightly damaged.
The wight hits you with a short sword of freezing.
* * * LOW HITPOINT WARNING * * *
The wight freezes you.
* * * LOW HITPOINT WARNING * * *
The wight hits you but does no damage.
You closely miss the wight.
The wight is lightly damaged.
The wight hits you with a short sword of freezing.
* * * LOW HITPOINT WARNING * * *
The wight freezes you.
You die...

##############
#............#
#.########...#
########)#
#...#
##......z♣#
#...#
.......z###
#...#
#.####..#
#...# #..#
#####...#####
#..#
....#...#....
#..#
#####...#####
.._?.z)....#
#...#
......#....#
#...#
......#..#.#
#...#


You could see 2 wights.

Vanquished Creatures
  A sky beast (D:5)
  4 slaves (D:4)
  An ogre (D:5)
  A wight (D:5)
  A giant frog skeleton (D:4)
  A hound (D:4)
  An orc priest (D:4)
  2 worker ants (D:4)
  3 gnolls (D:2)
  Robin (D:4)
  7 adders
  2 oozes
  3 worms
  An adder skeleton (D:4)
  3 giant geckos
  7 orcs
  5 giant cockroaches
  20 goblins
  13 hobgoblins
  4 jackals
  6 kobolds
  6 bats
  A giant cockroach zombie (D:5)
  6 giant newts
  5 rats
105 creatures vanquished.

Notes
Turn   | Place    | Note
--------------------------------------------------------------
     0 | D:1      | pulse the Formicid Berserker began the quest for the Orb.
     0 | D:1      | Reached XP level 1. HP: 18/18 MP: 1/1
   111 | D:1      | Reached XP level 2. HP: 24/24 MP: 2/2
   310 | D:1      | Reached XP level 3. HP: 12/29 MP: 3/3
   611 | D:1      | Acquired Trog's second power
  1007 | D:2      | Reached skill level 4 in Axes
  1173 | D:2      | Reached XP level 4. HP: 37/37 MP: 4/4
  1564 | D:2      | Reached XP level 5. HP: 23/42 MP: 5/5
  1833 | D:3      | Found a glowing golden altar of the Shining One.
  2976 | D:4      | Reached XP level 6. HP: 50/50 MP: 6/6
  3047 | D:4      | Noticed a slave
  3058 | D:4      | Killed a slave
  3078 | D:4      | Noticed a slave
  3084 | D:4      | Killed a slave
  3095 | D:4      | Noticed a slave
  3103 | D:4      | Gained mutation: You are partially covered in yellow scales (AC +2). [potion of mutation]
  3103 | D:4      | Gained mutation: You are clumsy. (Dex -2) [potion of mutation]
  3103 | D:4      | Lost mutation: You are clumsy. (Dex -2) [potion of mutation]
  3104 | D:4      | Killed a slave
  3535 | D:4      | Noticed Robin
  3535 | D:4      | Reached skill level 5 in Axes
  3550 | D:4      | Noticed a slave
  3552 | D:4      | Reached skill level 5 in Fighting
  3563 | D:4      | Killed Robin
  3594 | D:4      | Killed a slave
  4380 | D:5      | Entered Level 5 of the Dungeon
  4380 | D:5      | Noticed a sky beast
  4397 | D:5      | Killed a sky beast
  4397 | D:5      | Reached XP level 7. HP: 29/56 MP: 7/7
  4613 | D:5      | Found a basalt altar of Yredelemnul.
  4694 | D:5      | Found a deep blue altar of Sif Muna.
  4700 | D:5      | Reached skill level 5 in Armour
  4728 | D:5      | HP: 4/85 [wight/enchanted scimitar (9)]
  4734 | D:5      | HP: 3/85 [wight/short sword of freezing (3)]
  4735 | D:5      | HP: 1/85 [wight/short sword of freezing (3)]
  4735 | D:5      | Slain by a wight

Vault maps used:
D:1:      lightli_arrival_statue_moat, minmay_distorted
D:2:      minivault_11
D:3:      tso_metal_star
D:4:      first_bread, uniq_robin, uniq_pikel
D:5:      lemuel_round_altar, old_standard_altar, serial_shops, shop,
          serial_co_window_serial, co_window_of_opportunity_a,
          co_window_paths_a, co_window_paths_a, co_window_corner_a,
          co_window_of_opportunity_a, co_window_cross_3, co_window_broadway_b,
          co_window_2corner, co_window_2corner, glass_columns_a, glass_columns_a

Action                   |  1- 3 |  4- 6 |  7- 9 || total
-------------------------+-------+-------+-------++-------
Melee: Hand axe          |     7 |       |       ||     7
       Short sword       |    84 |    92 |       ||   176
       Mace              |       |   173 |    47 ||   220
Invok: Trog's Hand       |       |     1 |     1 ||     2
  Use: Scroll            |       |     8 |     2 ||    10
       Potion            |       |     2 |     1 ||     3
 Stab: Sleeping          |     1 |       |       ||     1
  Eat: Chunk             |       |     4 |       ||     4
       Pizza             |       |     1 |       ||     1
       Meat ration       |       |     1 |       ||     1
       Beef jerky        |       |       |     1 ||     1
